 Dungeon Sprint DCSS version 0.29-a0-542-g075992c915 (webtiles) character file.

Game seed: 2406044792758866293

280495 mhtbhm the Slayer (level 12, 150/150 HPs)
             Began as a White Draconian Berserker on June 3, 2022.
             Was a High Priest of Trog.
             Escaped with the Orb!
             The game lasted 00:19:50 (6743 turns).

mhtbhm the Slayer (White Draconian Berserker)       Turns: 6743, Time: 00:19:51

Health: 150/150    AC: 11    Str: 24    XL:     12   Next: 98%
Magic:  12/12      EV: 21    Int:  7    God:    Trog [*****.]
Gold:   1953       SH:  0    Dex: 10    Spells: 11/11 levels left

rFire   + + +      SeeInvis .   a - +5 dire flail (flame)
rCold   + . .      Faith    .   (shield currently unavailable)
rNeg    . . .      Spirit   .   (body armour unavailable)
rPois   +          Reflect  .   (helmet restricted)
rElec   .          Harm     .   (no cloak)
rCorr   .          Rampage  +   (no gloves)
Will    +....      Rage     1%  m - +2 pair of boots {rampage}
Stlth   +......... NoTele   +   y - amulet of regeneration
HPRegen 1.15/turn               k - ring of Gixtueng {rF+++ Will+ Int-2 Slay+4}
MPRegen 0.13/turn               p - +4 ring of evasion

@: no status effects
A: breathe frost, AC +8, unfitting armour, cold resistance 1, cold-blooded,
berserk 1, poison resistance, robust 1
0: Orb of Zot
a: Breathe Frost, Renounce Religion, Berserk, Trog's Hand, Brothers in Arms


You escaped.
You worshipped Trog.
Trog was extremely pleased with you.
You visited 1 branch You collected 6155 gold pieces.
You spent 4202 gold pieces at shops.

Inventory:

Hand Weapons
 a - a +5 dire flail of flaming (weapon)
 u - a +1 antimagic great mace
Missiles
 l - 2 curare-tipped darts (quivered)
 x - 3 javelins
Armour
 m - a +2 pair of boots of rampaging (worn)
 F - a +0 pair of gloves
 G - a +0 cloak
Jewellery
 k - the ring of Gixtueng (left hand) {rF+++ Will+ Int-2 Slay+4}
   (You acquired it in the Dungeon)

   [ring of slaying]

   Int:       It affects your intelligence (-2).
   Slay:      It affects your accuracy & damage with ranged weapons and melee
   (+4).
   rF:        It renders you almost immune to fire.
   Will:      It increases your willpower.
 p - a +4 ring of evasion (right hand)
 y - an amulet of regeneration (around neck)
Wands
 b - a wand of acid (2)
 h - a wand of iceblast (3)
 i - a wand of polymorph (14)
 o - a wand of flame (15)
Scrolls
 d - a scroll of torment
 j - a scroll of fear
 s - 6 scrolls of enchant armour
 t - 2 scrolls of vulnerability
 A - 3 scrolls of identify
Potions
 c - 3 potions of heal wounds
 e - 2 potions of magic
 f - a potion of berserk rage
 n - 6 potions of curing
 q - a potion of flight
 r - 2 potions of attraction
 w - 2 potions of resistance
 z - a potion of haste
 C - 2 potions of mutation
 D - a potion of might
Miscellaneous
 v - a phantom mirror
 B - a tin of tremorstones (2/2)


   Skills:
 + Level 21.8 Fighting
 + Level 20.4 Maces & Flails
 + Level 4.9 Throwing
 + Level 15.5 Dodging
 + Level 6.7 Stealth
 + Level 3.4 Unarmed Combat
 + Level 4.5 Evocations


You had 11 spell levels left.
You didn't know any spells.
Your spell library was empty.

Dungeon Overview and Level Annotations

Branches:
Dungeon (1/1)

Altars:
Cheibriados
Dithmenos
Elyvilon
Fedhas
Gozag
Hepliaklqana
Kikubaaqudgha
Makhleb
Nemelex Xobeh
Okawaru
Qazlal
Ru
Sif Muna
Trog
Uskayaw
Vehumet
Wu Jian
Xom
Yredelemnul
Zin
The Shining One
Jiyva
Lugonu

Shops:
D [((=:?(!??*:(*[*[(![[[

Annotations:
D Tiamat


Innate Abilities, Weirdness & Mutations

You can breathe waves of freezing cold which knock back foes.
Your icy white scales are hard. (AC +8)
You cannot fit into any form of body armour.
Your flesh is cold resistant. (rC+)
You are cold-blooded and may be slowed by cold attacks.
You tend to lose your temper in combat.
Your system is resistant to poisons. (rPois)
You are robust. (+10% HP)


Message History

Tiamat roars!
Something screams, "Face thy requiem, thou lumpish weeb-spouting nothing!"
Blink to where?
Press: ? - help, Dir - move target
As you read the scroll of blinking, it crumbles to dust.
You feel yourself speed up.
Things that are here:
a +1 great sword of flaming; a +0 great sword of flaming You see here a +1 vorpal dire flail.
There is an open door here.
The daeva calls down the wrath of the Shining One upon you.
The Shining One smites you!
There is an open door here.
You see here a +0 vorpal dire flail.
There is an open door, spattered with blood here.
Things that are here:
the +1 dire flail "Buexkyc" {vorpal, rC- Str+3}; a +1 antimagic morningstar
There is an open door here.
Your extra speed is starting to run out.
There is an open door, spattered with blood here.
Things that are here:
a +0 dagger; a +0 robe
Things that are here:
a +0 dagger; a +0 robe
There is an open door here.
There is an open door here.
You feel yourself slow down.
There is an open door, spattered with blood here.
A toenail golem comes into view.
There is an open door here.
Things that are here:
a +0 scythe; a +0 robe
There is an open door here.
There is an open door, spattered with blood here.
You see here a +0 giant spiked club.
There is an open door, spattered with blood here.
Things that are here:
a +0 club; a +0 chain mail
There is a staircase leading out of the dungeon here.
You have escaped!

##################
#@.#..)..#..'..#__
#..)..#..').#..'..
#..#####'#####'#__
#..####..#...#.###
#..#__####..##.#§§
#..#_____##'#_.'§§
#⌠⌠#_.∩...'..._#§≈
####_..__##_.#9##'
#_____###'#.#..


There were no monsters in sight!

Vanquished Creatures
  A golden dragon (D)
  4 fire giants (D)
  A shadow dragon (D)
  A lorocyproca (D)
  A mummy priest (D)
  A hydra (D)
  2 centaur warriors (D)
  A deep troll (D)
  A lindwurm (D)
  2 oklob plants (D)
  A shining eye (D)
  2 merfolk sirens (D)
  2 gargoyles (D)
  4 demonic crawlers (D)
  7 unseen horrors (D)
  2 kobold demonologists (D)
  A hellwing (D)
  A slime creature (D)
  4 hornets (D)
  Sigmund (D)
  A yak (D)
  14 hogs (D)
  2 redbacks (D)
  3 floating eyes (D)
  An ogre (D)
  7 necrophages (D)
  8 jellies (D)
  Ijyb (D)
77 creatures vanquished.

Vanquished Creatures (collateral kills)
  the Lernaean hydra (D)
  A deep elf annihilator (D)
  7 shining eyes (D)
  4 floating eyes (D)
13 creatures vanquished.

Vanquished Creatures (others)
  A deep elf master archer (D)
  A hornet (D)
  2 ballistomycete spores (D)
4 creatures vanquished.

Grand Total: 94 creatures vanquished

Notes
Turn   | Place    | Note
-------+----------+-------------------------------------------
     0 | D        | mhtbhm the Draconian Berserker began the quest for the Orb.
     0 | D        | Reached XP level 1. HP: 19/19 MP: 1/1
     1 | D        | Noticed Ijyb
     6 | D        | Killed Ijyb
     7 | D        | Reached skill level 4 in Fighting
     7 | D        | Reached XP level 2. HP: 28/28 MP: 2/2
    60 | D        | Noticed an ogre
    66 | D        | Killed an ogre
    67 | D        | Reached skill level 6 in Fighting
    67 | D        | Reached skill level 5 in Dodging
    67 | D        | Reached XP level 3. HP: 38/38 MP: 3/3
    67 | D        | Reached XP level 4. HP: 45/45 MP: 4/4
   111 | D        | Noticed Sigmund
   120 | D        | Killed Sigmund
   120 | D        | Reached ** piety under Trog
   121 | D        | Reached skill level 8 in Fighting
   121 | D        | Reached XP level 5. HP: 56/56 MP: 5/5
   121 | D        | Reached XP level 6. HP: 62/62 MP: 6/6
   256 | D        | Found an ornate altar of the Wu Jian Council.
   256 | D        | Found a shimmering blue altar of Sif Muna.
   260 | D        | Found a radiant altar of Vehumet.
   267 | D        | Reached skill level 1 in Unarmed Combat
   351 | D        | Found Wotuosky's Jewellery Emporium.
   351 | D        | Found an ancient bone altar of Kikubaaqudgha.
   351 | D        | Found a hazy altar of Hepliaklqana.
   351 | D        | Found a stormy altar of Qazlal.
   351 | D        | Found a hide-covered altar of Uskayaw.
   351 | D        | Found a blossoming altar of Fedhas.
   351 | D        | Found a bloodstained altar of Trog.
   351 | D        | Found an iron altar of Okawaru.
   351 | D        | Found a basalt altar of Yredelemnul.
   351 | D        | Found a glowing golden altar of the Shining One.
   351 | D        | Found a snail-covered altar of Cheibriados.
   351 | D        | Found a sacrificial altar of Ru.
   351 | D        | Found a glowing silver altar of Zin.
   351 | D        | Found a shadowy altar of Dithmenos.
   351 | D        | Found a white marble altar of Elyvilon.
   351 | D        | Noticed a yak
   365 | D        | Killed a yak
   366 | D        | Reached skill level 9 in Fighting
   366 | D        | Found an opulent altar of Gozag.
   367 | D        | Found a sparkling altar of Nemelex Xobeh.
   574 | D        | Found a burning altar of Makhleb.
   574 | D        | Found a viscous altar of Jiyva.
   574 | D        | Found a shimmering altar of Xom.
   574 | D        | Found a corrupted altar of Lugonu.
   574 | D        | Noticed a slime creature
   583 | D        | Killed a slime creature
   584 | D        | Reached skill level 10 in Fighting
   584 | D        | Reached skill level 10 in Maces & Flails
   584 | D        | Your scales start taking on an icy white colour.
   584 | D        | Reached XP level 7. HP: 73/73 MP: 7/7
   584 | D        | Gained mutation: Your flesh is cold resistant. (rC+) [White
                  | Draconian growth]
   656 | D        | Noticed Sonja
   658 | D        | Noticed Sonja
   658 | D        | Sonja changed into Sonja the hog
   665 | D        | Killed Sonja the hog
   665 | D        | Reached *** piety under Trog
   685 | D        | Found Qud Fuxe's Armour Boutique.
   693 | D        | Bought a +2 pair of boots of rampaging for 258 gold pieces
   796 | D        | Noticed a deep troll
   808 | D        | Killed a deep troll
   809 | D        | Reached skill level 11 in Fighting
   809 | D        | Reached skill level 1 in Throwing
   809 | D        | Reached skill level 1 in Evocations
   809 | D        | Reached XP level 8. HP: 75/83 MP: 8/8
   819 | D        | Found Tyfisah's Armour Emporium.
   856 | D        | Noticed a centaur warrior
   857 | D        | Noticed a centaur warrior
   867 | D        | Killed a centaur warrior
   868 | D        | Reached skill level 12 in Fighting
   868 | D        | Reached skill level 10 in Dodging
   873 | D        | Killed a centaur warrior
   874 | D        | Reached XP level 9. HP: 47/92 MP: 9/9
  1109 | D        | Reached **** piety under Trog
  1110 | D        | Reached skill level 13 in Fighting
  1118 | D        | Noticed an oklob plant
  1132 | D        | Killed an oklob plant
  1689 | D        | Reached ***** piety under Trog
  1717 | D        | Killed an unseen horror
  1718 | D        | Killed an unseen horror
  1718 | D        | Identified the +1 dire flail "Buexkyc" {vorpal, rC- Str+3}
                  | (Trog gifted it to you in the Dungeon)
  1718 | D        | Received a gift from Trog
  1719 | D        | Reached skill level 1 in Stealth
  1719 | D        | Reached XP level 10. HP: 47/102 MP: 10/10
  1982 | D        | Reached skill level 14 in Fighting
  1991 | D        | Reached skill level 15 in Maces & Flails
  2011 | D        | Reached ****** piety under Trog
  2013 | D        | Received a gift from Trog
  2042 | D        | Found Penn's Distillery.
  2042 | D        | Found Bujeq's Weapon Shop.
  2042 | D        | Found Hempen's Magic Scroll Boutique.
  2044 | D        | Found Zoqeffiq's Magic Scroll Emporium.
  2044 | D        | Found Harur's General Store.
  2044 | D        | Found Hebea's Book Shoppe.
  2044 | D        | Found Plog's Weapon Boutique.
  2044 | D        | Found Maiquab's Assorted Antiques.
  2044 | D        | Found Riguifru's Antique Armour Shop.
  2044 | D        | Found Zovomou's Assorted Antiques.
  2046 | D        | Found Tapoal's Antique Armour Boutique.
  2047 | D        | Found Horgheva's Distillery.
  2047 | D        | Found Hofyz's Antique Weapon Boutique.
  2048 | D        | Found Huckorr's Armour Emporium.
  2070 | D        | Bought a phantom mirror for 520 gold pieces
  2084 | D        | Bought a potion of heal wounds for 50 gold pieces
  2090 | D        | Bought a potion of resistance for 100 gold pieces
  2100 | D        | Bought a potion of heal wounds for 50 gold pieces
  2100 | D        | Bought a potion of curing for 30 gold pieces
  2155 | D        | Noticed a rust devil
  2175 | D        | Received a gift from Trog
  2221 | D        | Identified a scroll of acquirement
  2222 | D        | Acquired the ring of Gixtueng {rF+++ Will+ Int-2 Slay+4}
  2237 | D        | Noticed a gargoyle
  2239 | D        | Reached skill level 15 in Fighting
  2248 | D        | Killed a gargoyle
  2302 | D        | Noticed a lindwurm
  2305 | D        | Killed a lindwurm
  2340 | D        | Received a gift from Trog
  2343 | D        | Reached skill level 16 in Fighting
  2343 | D        | Reached XP level 11. HP: 107/114 MP: 11/11
  2360 | D        | Received a gift from Trog
  2409 | D        | Noticed a 12-headed hydra
  2412 | D        | Killed a 12-headed hydra
  2515 | D        | Noticed a shadow dragon
  2515 | D        | Noticed a golden dragon
  2539 | D        | Killed a shadow dragon
  2540 | D        | Reached skill level 17 in Fighting
  2833 | D        | Killed a golden dragon
  2834 | D        | Reached skill level 18 in Fighting
  2895 | D        | Found Ychu's Antique Armour Shoppe.
  3054 | D        | Noticed a daeva
  3063 | D        | Received a gift from Trog
  4176 | D        | Noticed a shining eye
  4176 | D        | Noticed a shining eye
  4176 | D        | Noticed a shining eye
  4176 | D        | Noticed a shining eye
  4176 | D        | Noticed a shining eye
  4176 | D        | Noticed a shining eye
  4178 | D        | Killed a shining eye
  4178 | D        | Paralysed by a floating eye for 4 turns
  4180 | D        | Gained mutation: You are clumsy. (Dex -2) [a shining eye]
  4181 | D        | Killed a shining eye
  4181 | D        | Received a gift from Trog
  4182 | D        | Gained mutation: You are very clumsy. (Dex -4) [a shining
                  | eye]
  4183 | D        | Killed a shining eye
  4183 | D        | Killed a shining eye
  4183 | D        | Killed a shining eye
  4184 | D        | Reached skill level 19 in Fighting
  4184 | D        | Reached skill level 5 in Stealth
  4184 | D        | Reached XP level 12. HP: 130/130 MP: 12/12
  4187 | D        | Lost mutation: You are very clumsy. (Dex -4) [a shining
                  | eye]
  4197 | D        | Found Nediriusk's Book Shop.
  4197 | D        | Found Kyarph's Antique Weapon Shoppe.
  4197 | D        | Found Lusuaj's Magic Scroll Boutique.
  4197 | D        | Found Ucyenism's Antique Weapon Emporium.
  4229 | D        | Bought a scroll of identify for 22 gold pieces
  4229 | D        | Bought a scroll of identify for 22 gold pieces
  4229 | D        | Bought a scroll of identify for 22 gold pieces
  4229 | D        | Bought a scroll of brand weapon for 220 gold pieces
  4229 | D        | Bought a scroll of brand weapon for 220 gold pieces
  4270 | D        | Bought an amulet of regeneration for 420 gold pieces
  4339 | D        | Bought a potion of haste for 100 gold pieces
  4339 | D        | Bought a potion of curing for 30 gold pieces
  4345 | D        | Bought a bubbling ruby potion for 22 gold pieces
  4345 | D        | Bought a smoky sapphire potion for 22 gold pieces
  4345 | D        | Bought 2 scrolls labelled GILAGU ELLEP for 50 gold pieces
  4347 | D        | Bought a potion of heal wounds for 105 gold pieces
  4347 | D        | Bought a glowing ruby potion for 18 gold pieces
  4347 | D        | Bought a black potion for 18 gold pieces
  4347 | D        | Bought a golden potion for 18 gold pieces
  4349 | D        | Bought a potion of haste for 100 gold pieces
  4349 | D        | Bought a potion of mutation for 80 gold pieces
  4367 | D        | Bought a potion of mutation for 80 gold pieces
  4514 | D        | Noticed a fire giant
  4518 | D        | Noticed a fire giant
  4519 | D        | Noticed a fire giant
  4520 | D        | Noticed a fire giant
  4527 | D        | Killed a fire giant
  4527 | D        | Received a gift from Trog
  4530 | D        | Killed a fire giant
  4531 | D        | Reached skill level 20 in Fighting
  4535 | D        | Killed a fire giant
  4542 | D        | Killed a fire giant
  4552 | D        | Identified the +9 trident of the Egg {flame, rF+ Int+4}
  4571 | D        | Found the +4 dragonskin cloak
  4571 | D        | Noticed Tiamat
  4723 | D        | Noticed a deep elf annihilator
  4739 | D        | Received a gift from Trog
  4867 | D        | Killed a deep elf annihilator
  4867 | D        | Received a gift from Trog
  4868 | D        | Reached skill level 15 in Dodging
  4872 | D        | Reached skill level 21 in Fighting
  5010 | D        | Noticed a mummy priest
  5018 | D        | Killed a mummy priest
  5131 | D        | Noticed the 27-headed Lernaean hydra
  5146 | D        | Killed the 27-headed Lernaean hydra
  5264 | D        | Noticed a deep elf master archer
  5440 | D        | Bought a scroll of brand weapon for 420 gold pieces
  5558 | D        | Killed a deep elf master archer
  5628 | D        | Bought a potion of flight for 75 gold pieces
  5630 | D        | Bought a scroll of identify for 42 gold pieces
  5650 | D        | Bought a scroll of identify for 24 gold pieces
  5650 | D        | Bought a scroll of identify for 24 gold pieces
  5650 | D        | Bought a scroll of identify for 24 gold pieces
  5650 | D        | Bought a scroll of identify for 24 gold pieces
  5651 | D        | Bought a scroll of identify for 26 gold pieces
  5651 | D        | Bought a scroll of identify for 26 gold pieces
  5651 | D        | Bought a scroll of identify for 26 gold pieces
  5657 | D        | Lost mutation: You are clumsy. (Dex -2) [potion of
                  | mutation]
  5657 | D        | Gained mutation: Your system is resistant to poisons.
                  | (rPois) [potion of mutation]
  5657 | D        | Gained mutation: You are robust. (+10% HP) [potion of
                  | mutation]
  5657 | D        | Gained mutation: You tend to lose your temper in combat.
                  | [potion of mutation]
  5754 | D        | Killed a lorocyproca
  6182 | D        | Identified the +10 chain mail "Geipyc" {rF+ rN+ Int-2
                  | Dex+7}
  6369 | D        | Bought a +4 ring of evasion for 504 gold pieces
  6392 | D        | Bought a +0 pair of boots for 45 gold pieces
  6455 | D        | Bought a +0 pair of gloves for 54 gold pieces
  6500 | D        | Bought a scroll of enchant armour for 97 gold pieces
  6502 | D        | Bought a +0 cloak for 58 gold pieces
  6507 | D        | Bought 2 potions of curing for 126 gold pieces
  6509 | D        | Bought a potion of curing for 30 gold pieces
  6679 | D        | Got the Orb of Zot
  6743 | D        | Escaped with the Orb!

Illustrated notes

Levels and vault maps discovered:
D:        dungeon_sprint_1 [red_sonja_temple_1, red_sonja_temple_small_1]

Skill      XL: |  1  2  3  4  5  6  7  8  9 10 11 12 |
---------------+-------------------------------------+-----
Fighting       | 4 6 8 10 11 12 13 16 19 21 | 21.8
Maces & Flails | 4 6 8 10 11 13 14 16 18 20 | 20.4
Dodging        | 3 5 6 8 9 10 11 12 14 15 | 15.5
Unarmed Combat | 1 2 3 |  3.4
Throwing       | 1 2 3 4 |  4.9
Evocations     | 1 2 3 4 |  4.5
Stealth        | 1 3 5 6 |  6.7

Action                   |  1- 3 |  4- 6 |  7- 9 | 10-12 || total
-------------------------+-------+-------+-------+-------++-------
Melee: Mace              |     9 |    26 |    57 |       ||    92
       Unarmed           |       |     5 |       |       ||     5
       Tailslap          |       |     8 |     9 |    38 ||    55
       Punch             |       |     2 |     3 |       ||     5
       Dire flail        |       |       |       |   232 ||   232
Throw: Dart              |       |       |     7 |     2 ||     9
Invok: Berserk           |     2 |     2 |     3 |     8 ||    15
       Brothers in Arms  |       |       |       |     4 ||     4
 Abil: Breathe Frost     |       |       |     2 |     3 ||     5
Evoke: Wand              |       |     1 |     2 |     3 ||     6
       Phantom mirror    |       |       |       |     4 ||     4
  Use: Potion            |       |       |     2 |     8 ||    10
       Scroll            |       |       |       |    18 ||    18
 Stab: Sleeping          |       |       |       |     1 ||     1
Armor: Skin              |     1 |     4 |    19 |    42 ||    66
Dodge: Dodged            |     2 |     9 |    33 |   100 ||   144

Table legend: (Time is in decaauts)
 A = Elapsed time spent in this place.
 B = Non-inter-level travel time spent in this place.
 C = Inter-level travel time spent in this place.
 D = Time resting spent in this place.
 E = Time spent auto-exploring this place.
 F = Levels seen in this place.
 G = Mean time per level.
                   A        B        C        D        E       F      G
               +--------+--------+--------+--------+--------+-----+--------+
         Total |   6757 |   6613 |    144 |   3805 |      1 |   1 | 6757.0 |
       Dungeon |   6757 |   6613 |    144 |   3805 |      1 |   1 | 6757.0 |
               +--------+--------+--------+--------+--------+-----+--------+

Top non-repeatable levels by time:
       D: 6757 daAuts
